 Dungeon Crawl Stone Soup version 0.22.1-1-ga44c0e56f4 (webtiles) character file.

771 Ihlosi the Skirmisher (level 7, -2/76 HPs)
             Began as an Ogre Gladiator on Nov 4, 2018.
             Slain by an orc warrior
             ... wielding a +0 short sword
              (11 damage)
             ... on level 6 of the Dungeon.
             The game lasted 00:13:24 (5209 turns).

Ihlosi the Skirmisher (Ogre Gladiator)              Turns: 5209, Time: 00:13:24

Health: -2/76      AC: 11    Str: 19      XL:     7   Next: 83%
Magic:  7/7        EV:  8    Int:  9      God:
Gold:   254        SH:  0    Dex: 11 (12) Spells: 6/6 levels left

rFire    + + .     SeeInvis .   b - +2 short sword (venom)
rCold    x . .     Gourm    .   (no shield)
rNeg     + . .     Faith    .   k - +0 fire dragon scales
rPois    .         Spirit   .   c - +0 hat
rElec    .         Reflect  .   B - +0 cloak
rCorr    +         Harm     .   (gloves unavailable)
MR       .....                  (boots unavailable)
Stlth    ..........             (no amulet)
HPRegen  0.22/turn              v - ring of positive energy
MPRegen  0.10/turn              C - ring of resist corrosion

@: no status effects
A: large, unfitting armour, tough skin 1
a: no special abilities


You were on level 6 of the Dungeon.
You were hungry.

You visited 2 branches of the dungeon, and saw 7 of its levels.

You collected 254 gold pieces.

Inventory:

Hand Weapons
 a - a +0 mace
 b - a +2 short sword of venom (weapon)
 o - a +0 flail
Armour
 c - a +0 hat (worn)
 k - +0 fire dragon scales (worn)
 x - a +0 robe
 B - a +0 cloak (worn)
Jewellery
 v - a ring of positive energy (left hand)
 C - a ring of resist corrosion (right hand)
Wands
 y - a wand of paralysis (4)
Scrolls
 g - 3 scrolls of identify
 h - a scroll of blinking
 j - a scroll of teleportation {unknown}
 n - a scroll of amnesia {unknown}
 q - 2 scrolls of remove curse
 s - a scroll of random uselessness {unknown}
 t - a scroll of fog
 u - a scroll of magic mapping {unknown}
 w - a scroll of enchant weapon {unknown}
Potions
 e - a potion of resistance
 i - a potion of degeneration
 l - 3 potions of haste
 m - 2 potions of heal wounds
 p - a potion of curing
 r - a potion of invisibility
 z - a potion of cancellation {unknown}
 A - 2 potions of might {unknown}
Comestibles
 f - 8 rations


   Skills:
 * Level 6.5 Fighting
 + Level 4.4 Maces & Flails
 - Level 2.0 Throwing
 + Level 3.6 Armour
 * Level 3.9 Dodging
 - Level 1.0 Evocations


You had 6 spell levels left.
You didn't know any spells.
Your spell library contained the following spells:

 Spells                   Type           Power        Failure   Level  Hunger
 Beastly Appendage        Tmut           #.....       83%         1    ##.....
 Confusing Touch          Hex            #.....       83%         1    ##.....
 Sticks to Snakes         Tmut           #.......     92%         2    ###....
 Confuse                  Hex            #.......     99%         3    ####...
 Gell's Gravitas          Tloc           #.........   99%         3    ####...
 Spider Form              Tmut/Pois      #.........   99%         3    ####...
 Ice Form                 Ice/Tmut       #.......     100%        4    #####..
 Petrify                  Tmut/Erth      #.......     100%        4    #####..
 Blade Hands              Tmut           #.........   100%        5    ######.
 Metabolic Englaciation   Hex/Ice        #.........   100%        5    ######.
 Yara's Violent Unravell  Hex/Tmut       #.........   100%        5    ######.


Dungeon Overview and Level Annotations

Branches:
Dungeon (6/15)             Temple (1/1) D:5

Altars:
Ashenzari
Cheibriados
Dithmenos
Fedhas
Hepliaklqana
Kikubaaqudgha
Makhleb
Qazlal
Ru
Sif Muna
Trog
Vehumet
Wu Jian
Yredelemnul
Zin
The Shining One

Annotations:
D:5 3 runed doors, Grim's ghost, amateur DEIE


Innate Abilities, Weirdness & Mutations

You are too large for most types of armour.
You have tough skin. (AC +1)


Message History

The throwing net closely misses the orc warrior.
The orc warrior hits you with a short sword.
Wield which item (- for none, * to show all)? (? for menu, Esc to quit)
Your +2 short sword of venom begins to drip with poison!
b - a +2 short sword of venom (weapon)
You barely miss the orc warrior.
The orc warrior is lightly wounded.
The orc warrior hits you but does no damage.
You hit the orc warrior.
The orc warrior is moderately wounded.
The orc warrior hits you with a short sword!
You are feeling hungry.
You puncture the orc warrior!
The orc warrior is poisoned.
The orc warrior is severely wounded.
The orc warrior hits you with a short sword!
The orc priest invokes the aid of Beogh against you.
Beogh smites you!
* * * LOW HITPOINT WARNING * * *
The orc warrior hits you with a short sword!
You die...

. .# .##
..8# o....
######Zo.>..
#..@o(# .8#
#.######..#
#.#......#.#
#..........#
#.#<####.###
#####


You could see an orc warrior, an orc priest and a quokka zombie.

Vanquished Creatures
  Sigmund (D:4)
  An ogre (D:4)
  A quasit (D:5)
  2 hounds (D:4)
  2 jellies (D:5)
  An orc priest (D:5)
  Crazy Yiuf (D:4)
  An iguana (D:4)
  Ijyb (D:4)
  3 worker ants
  A gnoll (D:6)
  2 howler monkey skeletons
  4 adders
  An ooze (D:5)
  2 adder skeletons
  3 worms
  4 dart slugs
  5 leopard geckos
  7 orcs
  13 bats
  3 giant cockroaches
  9 goblins
  10 hobgoblins
  2 jackals (D:1)
  A ball python (D:1)
  3 frilled lizards
  6 kobolds
  9 rats
99 creatures vanquished.

Notes
Turn   | Place    | Note
-------+----------+-------------------------------------------
     0 | D:1      | Ihlosi the Ogre Gladiator began the quest for the Orb.
     0 | D:1      | Reached XP level 1. HP: 22/22 MP: 1/1
   111 | D:1      | Reached skill level 3 in Fighting
   111 | D:1      | Reached XP level 2. HP: 31/31 MP: 2/2
   295 | D:1      | Reached XP level 3. HP: 37/37 MP: 3/3
   533 | D:1      | Reached skill level 4 in Fighting
   731 | D:2      | Reached skill level 1 in Armour
   787 | D:2      | Reached XP level 4. HP: 33/49 MP: 4/4
  2360 | D:3      | Reached XP level 5. HP: 53/55 MP: 5/5
  2420 | D:3      | Found a faded altar of an unknown god.
  2590 | D:4      | Reached skill level 5 in Fighting
  2773 | D:4      | Found an ancient bone altar of Kikubaaqudgha.
  2785 | D:4      | Noticed an ogre
  2799 | D:4      | Killed an ogre
  2799 | D:4      | Reached XP level 6. HP: 57/66 MP: 6/6
  2848 | D:4      | Noticed Ijyb
  2849 | D:4      | Paralysed by Ijyb for 6 turns
  2873 | D:4      | Killed Ijyb
  2925 | D:4      | Noticed Sigmund
  2966 | D:4      | Killed Sigmund
  2966 | D:4      | Reached skill level 6 in Fighting
  2966 | D:4      | Reached XP level 7. HP: 31/75 MP: 7/7
  3330 | D:4      | Found a runed door.
  3989 | D:4      | Noticed Crazy Yiuf
  3999 | D:4      | Killed Crazy Yiuf
  4049 | D:5      | Entered Level 5 of the Dungeon
  4256 | D:5      | Found a shadowy altar of Dithmenos.
  4411 | D:5      | Found a staircase to the Ecumenical Temple.
  4417 | Temple   | Entered the Ecumenical Temple
  4656 | D:5      | Found a runed gate.
  4656 | D:5      | Found a runed gate.
  4656 | D:5      | Found a runed gate.
  4663 | D:5      | Noticed Grim's ghost (amateur DEIE)
  4663 | D:5      | Noticed a yak
  4874 | D:5      | Reached skill level 1 in Evocations
  5209 | D:6      | Slain by an orc warrior

Skill      XL: |  1  2  3  4  5  6  7 |
---------------+----------------------+-----
Fighting       | 3 4 5 6 |  6.5
Maces & Flails | 3 4 |  4.4
Dodging        | 3 |  3.9
Armour         | 1 2 3 |  3.6
Evocations     | 1 |  1.0
Throwing       | |  2.0

Action                   |  1- 3 |  4- 6 |  7- 9 || total
-------------------------+-------+-------+-------++-------
Melee: Flail             |    70 |       |       ||    70
       Mace              |    41 |   175 |   145 ||   361
       Short sword       |       |    14 |     3 ||    17
Throw: Throwing net      |       |       |     4 ||     4
Evoke: Wand              |       |       |     2 ||     2
  Use: Scroll            |       |     6 |     3 ||     9
       Potion            |       |     1 |       ||     1
 Stab: Paralysed         |       |       |     7 ||     7
  Eat: Chunk             |       |     7 |     7 ||    14
Armor: Robe              |    13 |       |       ||    13
       Fire dragon scale |    67 |    96 |   113 ||   276
Dodge: Dodged            |    52 |    81 |    70 ||   203
